 Dungeon Crawl Stone Soup version 0.30.0 (webtiles) character file.

Game seed: 6490217210773082934

9 Dani the Chiller (level 2, 0/19 HPs)
             Began as a Formicid Ice Elementalist on May 17, 2023.
             Frozen to death by an endoplasm (1 damage)
             ... on level 1 of the Dungeon.
             The game lasted 00:00:39 (224 turns).

Dani the Chiller (Formicid Ice Elementalist)         Turns: 224, Time: 00:00:40

Health: 0/19       AC:  5    Str: 12    XL:     2   Next: 25%
Magic:  5/5        EV: 10    Int: 14    God:
Gold:   7          SH:  0    Dex: 14    Spells: 4/5 levels left

rFire   . . .        c - +0 hand axe
rCold   . . .        (no shield)
rNeg    . . .        d - +0 ring mail
rPois   .            (helmet unavailable)
rElec   .            (no cloak)
rCorr   .            (no gloves)
SInv    +            (no boots)
Will    .....        (no amulet)
Stlth   +            (no ring)
HPRegen 0.23/turn    (no ring)
MPRegen 0.09/turn

%: no passive effects
@: no status effects
A: permanent stasis, dig shafts and tunnels, antennae 3, four strong arms
a: Dig, Shaft Self


You were on level 1 of the Dungeon.
You visited 1 branch of the dungeon, and saw 2 of its levels.

You collected 7 gold pieces.

Inventory:

Hand Weapons
 c - a +0 hand axe (weapon)
   (You found it on level 1 of the Dungeon)
 e - a +0 trident
   (You found it on level 2 of the Dungeon)
Armour
 a - a +0 robe
 d - a +0 ring mail (worn)
   (You found it on level 2 of the Dungeon)
Potions
 b - a potion of magic


   Skills:
 * Level 1.7 Axes
 - Level 1.7 Dodging
 - Level 2.4 Stealth
 - Level 2.1 Spellcasting
 - Level 4.0 Ice Magic


You had 4 spell levels left.
You knew the following spells:

 Your Spells              Type           Power      Damage    Failure   Level
a - Freeze                Ice            48%        1d6       11%         1

Your spell library contained the following spells:

 Spells                   Type           Power      Damage    Failure   Level
 Frozen Ramparts          Ice            24%        1d4       30%         3
 Ozocubu's Armour         Ice            12%        N/A       30%         3
 Summon Guardian Golem    Hex/Summ       1%         N/A       85%         3
 Summon Ice Beast         Ice/Summ       7%         N/A       93%         4
 Orb of Destruction       Conj           0%         9d5       100%        7
 Spellforged Servitor     Conj/Summ      0%         N/A       100%        7


Dungeon Overview and Level Annotations

Branches:
Dungeon (2/15)

Altars:


Innate Abilities, Weirdness & Mutations

You cannot be hasted, slowed, berserked, paralysed or teleported.
You can dig through walls and to a lower floor.
You have a pair of large antennae on your head. (SInv)
Your four strong arms can wield two-handed weapons with a shield.


Message History

You miss the jackal.
The jackal bites you but does no damage.
The jackal barely misses you.
You hit the jackal.
The jackal is almost dead.
The jackal bites you but does no damage. x2
You barely miss the jackal.
The jackal is almost dead.
The jackal bites you.
You barely miss the jackal. Your punch misses the jackal.
The jackal is almost dead.
The jackal bites you.
* * * LOW HITPOINT WARNING * * *
The jackal bites you.
* * * LOW HITPOINT WARNING * * *
You hit the jackal but do no damage.
The jackal is almost dead.
The jackal barely misses you.
The jackal bites you but does no damage.
You hit the jackal.
You kill the jackal!
You have reached level 2!
No target in view!
Things that are here:
a jackal corpse; a jackal corpse
There is a stone staircase leading up here.
You climb upwards.
Found 7 gold pieces.
There is a stone staircase leading down here.
HP restored.
You now have 7 gold pieces.
Key pressed, stopping explore.
Found 4 boomerangs.
You sense a monster nearby. 2 quokkas come into view.
Found a scroll labelled GOWAIJ QAWK.
There are monsters nearby!
There are monsters nearby!
There are monsters nearby!
An endoplasm comes into view.
The endoplasm quivers.
The quokka bites you.
You hit the quokka but do no damage. The quokka bites you.
The quokka closely misses you.
You miss the quokka. You hit the quokka. The quokka barely misses you.
The quokka bites you but does no damage.
You hit the quokka.
You kill the quokka!
You hit the quokka.
The quokka bites you but does no damage.
The quokka closely misses you.
You closely miss the quokka.
The quokka is moderately wounded.
The quokka bites you.
* * * LOW HITPOINT WARNING * * *
The endoplasm barely misses you.
You hit the quokka.
You kill the quokka!
You hit the endoplasm.
The endoplasm hits you but does no damage.
You hit the endoplasm but do no damage.
The endoplasm is moderately wounded.
The endoplasm freezes you.
You are frozen.
* * * LOW HITPOINT WARNING * * *
You barely miss the endoplasm.
The endoplasm is moderately wounded.
The endoplasm freezes you.
You are frozen.
* * * LOW HITPOINT WARNING * * *
You are too injured to fight recklessly!
You are too injured to fight recklessly!
You are too injured to fight recklessly!
You are too injured to fight recklessly!
You are too injured to fight recklessly!
You are too injured to fight recklessly!
You are too injured to fight recklessly!
You are too injured to fight recklessly!
You are too injured to fight recklessly!
You are too injured to fight recklessly!
You are too injured to fight recklessly!
You are too injured to fight recklessly!
You are too injured to fight recklessly!
You are too injured to fight recklessly!
You are too injured to fight recklessly!
You are too injured to fight recklessly!
You are too injured to fight recklessly!
You are too injured to fight recklessly!
You are too injured to fight recklessly!
You are too injured to fight recklessly!
You are too injured to fight recklessly!
You are too injured to fight recklessly!
You hit the endoplasm but do no damage. You punch the endoplasm.
The endoplasm is almost dead.
The endoplasm freezes you.
You are frozen.
* * * LOW HITPOINT WARNING * * *
The endoplasm freezes you.
You are frozen.
You die...

##........ ####.
##.###..#.
?...####>..##..#.##
##.......#.........
##...####...###.#...
##.....####.##
.#.......###.#
.............#
#.....@.###.#
##...†J## #.#
#...... ... #.#.####
##.# #.... .# ......
(. ##... .# ##.#


You could see an endoplasm.

Vanquished Creatures
  3 jackals (D:2)
  2 quokkas (D:1)
  2 bats (D:2)
  A rat (D:2)
8 creatures vanquished.

Notes
Turn   | Place    | Note
-------+----------+-------------------------------------------
     0 | D:1      | Dani the Formicid Ice Elementalist began the quest for the
                  | Orb.
     0 | D:1      | Reached XP level 1. HP: 13/13 MP: 3/3
    36 | D:1      | You fall into a shaft and drop 1 floor!
   147 | D:2      | Reached skill level 1 in Axes
   159 | D:2      | Reached XP level 2. HP: 10/19 MP: 5/5
   224 | D:1      | HP: 1/19 [frozen (5)]
   224 | D:1      | Frozen to death by an endoplasm

Illustrated notes

Levels and vault maps discovered:
D:1:      mrwooster_arrival_statue, layout_loops_ring
D:2:      layout_basic, uniq_robin

Skill      XL: |  1 |
---------------+----+-----
Axes           | 1 |  1.7
Dodging        | |  1.7
Stealth        | |  2.4
Spellcasting   | |  2.1
Ice Magic      | |  4.0

Action                     || total
---------------------------++-------
  Melee: Hand axe          ||    33
         Punch             ||     2
 Armour: Ring mail         ||    25
  Dodge: Dodged            ||    22

Levels and vault maps discovered:
D:1:      mrwooster_arrival_statue, layout_loops_ring
D:2:      layout_basic, uniq_robin

Table legend: (Time is in decaauts)
 A = Elapsed time spent in this place.
 B = Non-inter-level travel time spent in this place.
 C = Inter-level travel time spent in this place.
 D = Time resting spent in this place.
 E = Time spent auto-exploring this place.
 F = Levels seen in this place.
 G = Mean time per level.
                   A        B        C        D        E       F      G
               +--------+--------+--------+--------+--------+-----+--------+
         Total |    231 |    216 |     15 |      0 |    127 |   2 |  115.5 |
       Dungeon |    231 |    216 |     15 |      0 |    127 |   2 |  115.5 |
               +--------+--------+--------+--------+--------+-----+--------+

Top non-repeatable levels by time:
     D:2: 133 daAuts
     D:1: 97 daAuts

Table legend:
 A = Kills in this place as a percentage of kills in the entire game.
 B = Kills by you in this place as a percentage of kills by you in the entire game.
 C = Kills by friends in this place as a percentage of kills by friends in the entire game.
 D = Other kills in this place as a percentage of other kills in the entire game.
 E = Experience gained in this place as a percentage of experience gained in the entire game.
 F = Experience gained in this place divided by the number of levels of this place that you have seen.
                   A       B       C       D       E      F
               +-------+-------+-------+-------+-------+----------------------
         Total | 100.0 | 100.0 |   N/A |   N/A | 100.0 |   7.0
       Dungeon | 100.0 | 100.0 |   N/A |   N/A | 100.0 |   7.0
               +-------+-------+-------+-------+-------+----------------------
